 Dungeon Crawl Stone Soup version 0.30-a0-924-g0ad0bf95bc (webtiles) character file.

Game seed: 5213303116222017636

2459714 Monkooky the Marksdemonspawn (level 26, 189/208 HPs)
             Began as a Demonspawn Artificer on Mar 22, 2023.
             Was an Elder of Hepliaklqana.
             Escaped with the Orb
             ... and 4 runes on Mar 23, 2023!
             The game lasted 04:22:03 (62877 turns).

Monkooky the Marksdemonspawn (DsAr)                Turns: 62877, Time: 04:22:04

Health: 189/208    AC: 39    Str: 13    XL:     26   Next: 14%
Magic:  38/38      EV:  7    Int:  9    God:    Hepliaklqana [****..]
Gold:   7162       SH: 45    Dex: 35    Spells: 26/47 levels left

rFire   + . .      SeeInvis +    L - +8 autumn katana {manifold assault}
rCold   + . .      Faith    .    v - +10 tower shield of Ignorance {rN+ Int-4}
rNeg    + . .      Spirit   +    p - +8 gold dragon scales
rPois   +          Reflect  +    (helmet unavailable)
rElec   .          Rampage  .    (cloak unavailable)
rCorr   .          Rnd*Tele +    (gloves unavailable)
Will    +....                    I - +2 pair of boots {Fly} Stlth
                                 s - amulet of reflection
HPRegen 0.54/turn                w - +6 ring of dexterity
MPRegen 0.52/turn                i - +6 ring of dexterity

@: flying, hasted, very quick
A: reduced essence, antennae 3, icemail 2, augmentation 2, magic shield, magic
regeneration, magic link, condensation shield, weakness stinger 3, demonic touch
3, dopey 1, mutation resistance 1, robust 1, teleportitis 1
0: Orb of Zot
}: 4/15 runes: barnacled, silver, abyssal, gossamer
a: Renounce Religion, Recall Ancestor, Ancestor Identity, Transference, Idealise


You escaped.
You worshipped Hepliaklqana.
Hepliaklqana was greatly pleased with you.
You visited 11 branches of the dungeon, and saw 50 of its levels.
You visited the Abyss 2 times.
You also visited: Gauntlet and Ice Cave.

You collected 8522 gold pieces.
You spent 1360 gold pieces at shops.

Inventory:

Hand Weapons
 o - the +3 Elemental Staff {rElec rF++ rC++ AC+5}
   (You found it on level 5 of the Vaults)

   It enhances your fire, ice, earth and air magic.
   AC:        It affects your AC (+5).
   rF:        It greatly protects you from fire.
   rC:        It greatly protects you from cold.
   rElec:     It insulates you from electricity.
 L - the +8 autumn katana (weapon) {manifold assault}
   (You took it off a necromancer on level 3 of the Crypt)

   Manifold Assault: It sometimes launches melee attacks against multiple
   visible enemies.
Missiles
 g - 7 curare-tipped darts
 Q - 3 throwing nets
Armour
 p - +8 gold dragon scales (worn)
 v - the +10 tower shield of Ignorance (worn) {rN+ Int-4}
   (You acquired it on level 5 of the Vaults)

   Int:       It affects your intelligence (-4).
   rN:        It protects you from negative energy.
 y - quicksilver dragon scales
 I - a +2 pair of boots of flying (worn)
Jewellery
 i - a +6 ring of dexterity (right hand)
 s - an amulet of reflection (around neck)
 w - a +6 ring of dexterity (left hand)
 C - a ring of resist corrosion
 E - a ring of protection from fire
 R - a ring of protection from cold
 X - a ring of poison resistance
Wands
 c - a wand of flame (26)
 d - a wand of charming (45)
 r - a wand of roots (22)
 B - a wand of quicksilver (18)
 J - a wand of mindburst (29)
 M - a wand of polymorph (8)
 S - a wand of digging (2)
Scrolls
 e - 2 scrolls of silence
 k - a scroll of blinking
 u - 6 scrolls of fear (quivered)
 A - 6 scrolls of teleportation
 F - 4 scrolls of vulnerability
 P - 3 scrolls of immolation
Potions
 f - 4 potions of invisibility
 j - 13 potions of brilliance
 n - 20 potions of curing
 q - 5 potions of cancellation
 t - a potion of heal wounds
 x - 4 potions of might
 z - 12 potions of attraction
 D - 6 potions of resistance
 G - 2 potions of ambrosia
 H - 6 potions of lignification
 K - 13 potions of flight
 N - 6 potions of haste
 T - 9 potions of mutation
 U - 4 potions of magic
 V - 5 potions of berserk rage
Miscellaneous
 a - a phantom mirror
 b - a tin of tremorstones (2/2)
 h - a condenser vane
 l - a box of beasts
 Y - a lightning rod (4/4)
 Z - a phial of floods


   Skills:
 - Level 17.1 Fighting
 - Level 14.0 Long Blades
 - Level 18.0 Ranged Weapons
 + Level 14.8 Armour
 - Level 15.7 Dodging
 - Level 1.0 Stealth
 - Level 17.5 Shields
 - Level 11.2 Spellcasting
 - Level 10.6 Translocations
 - Level 6.0 Transmutations
 - Level 8.0 Air Magic
 - Level 13.0 Invocations
 - Level 17.6 Evocations


You had 26 spell levels left.
You knew the following spells:

 Your Spells              Type           Power      Damage    Failure   Level
a - Blink                 Tloc           86%        N/A       92%         2
b - Lesser Beckoning      Tloc           86%        N/A       92%         2
c - Wereblood             Tmut           28%        N/A       100%        2
d - Vhi's Electric Charg  Tloc/Air       78%        N/A       100%        3
e - Passage of Golubria   Tloc           43%        N/A       100%        4
f - Portal Projectile     Hex/Tloc       52%        N/A       100%        3
g - Mephitic Cloud        Conj/Pois/Air  17%        N/A       100%        3
h - Passwall              Tmut/Erth      15%        N/A       100%        2

Your spell library contained the following spells:

 Spells                   Type           Power      Damage    Failure   Level
 Gell's Gravitas          Tloc           43%        N/A       99%         3
 Foxfire                  Conj/Fire      36%        2x1d5     100%        1
 Kiss of Death            Conj/Necr      36%        2d8       100%        1
 Magic Dart               Conj           36%        1d4       100%        1
 Necrotise                Necr           36%        1d5       100%        1
 Slow                     Hex            36%        N/A       100%        1
 Sting                    Tmut/Pois      72%        1d6       100%        1
 Summon Small Mammal      Summ           36%        N/A       100%        1
 Cigotuvi's Dreadful Rot  Necr/Pois/Air  34%        N/A       100%        2
 Momentum Strike          Conj/Tloc      52%        3d9       100%        2
 Poisonous Vapours        Pois/Air       44%        N/A       100%        2
 Searing Ray              Conj           18%        2d5       100%        2
 Static Discharge         Conj/Air       44%        2-4/arc   100%        2
 Sublimation of Blood     Necr           9%         N/A       100%        2
 Call Canine Familiar     Summ           9%         N/A       100%        3
 Confusing Touch          Hex            9%         N/A       100%        3
 Frozen Ramparts          Ice            18%        1d3       100%        3
 Hailstorm                Conj/Ice       9%         3d4       100%        3
 Ignite Poison            Fire/Tmut/Pois 15%        N/A       100%        3
 Inner Flame              Hex/Fire       9%         N/A       100%        3
 Kindle Blastsparks       Fire/Tloc/Air  58%        2d14      100%        3
 Stone Arrow              Conj/Erth      18%        3d8       100%        3
 Tukima's Dance           Hex            9%         N/A       100%        3
 Vampiric Draining        Necr           9%         2d6       100%        3
 Airstrike                Air            17%        2d(3-19)  100%        4
 Anguish                  Hex/Necr       4%         N/A       100%        4
 Dispel Undead            Necr           9%         3d8       100%        4
 Fulminant Prism          Conj/Hex       4%         3d5       100%        4
 Ice Form                 Ice/Tmut       18%        N/A       100%        4
 Iskenderun's Mystic Bla  Conj/Tloc      26%        2d7       100%        4
 Leda's Liquefaction      Hex/Erth       4%         N/A       100%        4
 Manifold Assault         Tloc           43%        N/A       100%        4
 Olgreb's Toxic Radiance  Pois           9%         N/A       100%        4
 Petrify                  Tmut/Erth      18%        N/A       100%        4
 Sticky Flame             Conj/Fire      9%         2d3       100%        4
 Summon Ice Beast         Ice/Summ       9%         N/A       100%        4
 Agony                    Necr           9%         N/A       100%        5
 Alistair's Intoxication  Tmut/Pois      12%        N/A       100%        5
 Arcjolt                  Conj/Air       11%        1d21      100%        5
 Blade Hands              Tmut           14%        N/A       100%        5
 Borgnjor's Vile Clutch   Necr/Erth      4%         N/A       100%        5
 Fireball                 Conj/Fire      4%         3d4       100%        5
 Freezing Cloud           Conj/Ice/Air   8%         6-21      100%        5
 Irradiate                Conj/Tmut      9%         3d14      100%        5
 Iskenderun's Battlesphe  Conj           9%         2d6       100%        5
 Lee's Rapid Deconstruct  Erth           4%         3d5*      100%        5
 Metabolic Englaciation   Hex/Ice        4%         N/A       100%        5
 Plasma Beam              Fire/Air       11%        2x1d24    100%        5
 Yara's Violent Unravell  Hex/Tmut       9%         3d6       100%        5
 Conjure Ball Lightning   Conj/Air       11%        3x3d6     100%        6
 Death Channel            Necr           4%         N/A       100%        6
 Eringya's Noxious Bog    Tmut/Pois      9%         N/A       100%        6
 Iron Shot                Conj/Erth      4%         9d2       100%        6
 Starburst                Conj/Fire      4%         6d4       100%        6
 Statue Form              Tmut/Erth      12%        N/A       100%        6
 Summon Cactus Giant      Summ           4%         N/A       100%        6
 Haunt                    Necr/Summ      4%         N/A       100%        7
 Malign Gateway           Summ/Tloc      13%        N/A       100%        7
 Spellforged Servitor     Conj/Summ      4%         N/A       100%        7
 Summon Hydra             Summ           4%         N/A       100%        7
 Borgnjor's Revivificati  Necr           4%         N/A       100%        8
 Discord                  Hex            4%         N/A       100%        8
 Disjunction              Tloc           21%        N/A       100%        8
 Lehudib's Crystal Spear  Conj/Erth      4%         10d3      100%        8
 Chain Lightning          Conj/Air       11%        3d14      100%        9
 Death's Door             Necr           4%         N/A       100%        9
 Fire Storm               Conj/Fire      4%         8d1       100%        9
 Polar Vortex             Ice            4%         N/A       100%        9
 Shatter                  Erth           4%         3d8*      100%        9


Dungeon Overview and Level Annotations

Branches:
Dungeon (15/15)            Temple (1/1) D:4            Lair (5/5) D:9
 Shoals (4/4) Lair:2       Spider (4/4) Lair:2        Slime (0/5) Lair:4
    Orc (2/2) D:11            Elf (2/3) Orc:2        Vaults (5/5) D:13
  Crypt (3/3) Vaults:2       Tomb (0/3) Crypt:3      Depths (4/4) D:15
    Zot (5/5) Depths:4      IceCv (visited)         Gauntlet (visited)

Altars:
Ashenzari
Cheibriados
Dithmenos
Fedhas
Gozag
Hepliaklqana
Kikubaaqudgha
Makhleb
Nemelex Xobeh
Okawaru
Qazlal
Ru
Sif Muna
Trog
Uskayaw
Vehumet
Wu Jian
Xom
Yredelemnul
Jiyva

Shops:
D:3 !=   D:7 *   Orc:2 [(:*   Elf:1 :   Elf:2 :   Vaults:1 =   Depths:3 :
Depths:4 [

Portals:
Hell: Depths:1 Depths:2 Depths:3 Depths:4
Abyss: Depths:1 Depths:3
Pandemonium: Depths:1 Depths:2 Depths:3
Ziggurat: Depths:2
Trove: Elf:2 (give +3 shadow dragon scales)

Annotations:
Depths:1 2 transporters, drewk1942's ghost, adept GnHu
Depths:3 exclusion: obsidian statue
Zot:1 3 runed translucent doors, Benajun's ghost, veteran OgBe; Oriecen's ghost, master DsEE; ragingrage's ghost, master HuWr
Zot:5 1 runed translucent door, Wefy's ghost, legendary GnIE


Innate Abilities, Weirdness & Mutations

Your life essence is reduced to manifest your ancestor. (-10% HP)
You have a pair of large antennae on your head. (SInv)
A meltable icy envelope protects you from harm. (AC +8)
Your magical and physical power is enhanced at high health.
When hurt, damage is shared between your health and your magic reserves.
You regenerate magic rapidly.
When low on magic, you restore magic in place of health.
A meltable shield of frost defends you. (SH +4)
You have a sharp stinger which inflicts weakening toxins.
Your touch may irresistibly damage your foes and sap their willpower.
You are dopey. (Int -2)
You are somewhat resistant to further mutation.
You are robust. (+10% HP)
You are occasionally teleported next to monsters.


Message History

There is an open door here.
Zarja casts a spell.
Zarja seems to speed up.
Zarja casts a spell at the toenail golem.
The bolt of magma hits the toenail golem!!
The toenail golem partially resists.
You block the toenail golem's attack.
The toenail golem attacks as you move away!
You block the toenail golem's attack.
Zarja gestures at the toenail golem while chanting.
The bolt of magma hits the toenail golem!!
The toenail golem partially resists.
The toenail golem closely misses Zarja.
There is an open door, spattered with blood here.
Zarja points at the toenail golem and mumbles some strange words.
The crystal spear hits the toenail golem!!
The toenail golem is destroyed!
Your condenser vane has recharged.
A great orb of eyes comes into view.
Zarja points at the great orb of eyes and mumbles some strange words.
The bolt of magma hits the great orb of eyes!
The great orb of eyes bites Zarja but does no damage.
Aiming: Dig
Press: ? - help, Shift-Dir - straight line This square is covered in magical glow.
The rock shatters into small pieces.
You feel yourself speed up.
Zarja points at the great orb of eyes and mumbles some strange words.
The crystal spear hits the great orb of eyes!!!
The great orb of eyes dies!
Aiming: Dig
Press: ? - help, Shift-Dir - straight line, f - you Please select a direction to dig.
This square is covered in magical glow.
The rock shatters into small pieces.
Unknown command.
Aiming: Dig
Press: ? - help, Shift-Dir - straight line This square is covered in magical glow.
The rock shatters into small pieces.
There is a staircase leading out of the dungeon here.
You have escaped!

#.#.# #.#.......#........#
#.#.###.#.......#........#
#.#.....#...##########...#
#.#######...#...'....#...#
#.#...# #...#...#....#...#
....#.###...#...#....#...#
.#......#'###'###....#...#
.#..#.#.#...#..##.##'###'#
.#....#.#...#..'@....#...#
##.####.#...#####....#...#
........#......#.....#...#
###.#####......#.....#...#
........#......'.....#...#
.###..#########{######...#
.^##...........#.........#
.....#####.....#.........#
#..............'.........#


There were no monsters in sight!

Vanquished Creatures
  2 ancient liches
  A dread lich (Vaults:5)
  Mennas (Depths:3)
  Sojobo (Vaults:5)
  Boris (twice) (Vaults:4 Depths:4)
  A Killer Klown (Zot:5)
  Frederick (Depths:3)
  Margery (Vaults:4)
  A golden dragon (Zot:3)
  2 bone dragons (Abyss:3)
  the Enchantress (Depths:3)
  A Tzitzimitl (Depths:2)
  5 tentacled monstrosities
  A Brimstone Fiend (Zot:1)
  A doom hound (Depths:2)
  Jorgrun (Orc:1)
  5 Orb Guardians
  2 liches
  2 titans (Vaults:5)
  A kraken (Shoals:3)
  Frances (Spider:1)
  2 ancient champions
  6 tentacled starspawn
  Kirke (Spider:1)
  2 death cobs
  2 sphinxes
  A draconian monk (Zot:1)
  Agnes (Spider:2)
  4 tengu reavers
  Ilsuiw (Shoals:2)
  7 storm dragons
  7 shadow dragons
  A fenstrider witch (Shoals:2)
  A daeva (Abyss:3)
  2 draconian knights (Zot:1)
  3 iron dragons
  4 emperor scorpions
  4 fire giants
  3 deep elf sorcerers
  The ghost of patfeehan111222 the Severer, a journeyman DrBe of Trog (Lair:4)
  A revenant (Crypt:3)
  6 frost giants
  A draconian shifter (Zot:1)
  A ghost moth (Spider:1)
  2 orc warlords
  A caustic shrike zombie (Crypt:3)
  2 draconian annihilators (Zot:1)
  A draconian scorcher (Depths:4)
  12 vault wardens
  2 broodmothers
  2 war gargoyles (Vaults:5)
  2 reapers (Depths:3)
  5 ghouls
  3 spriggan defenders (Depths:3)
  17 ironbound preservers
  3 ironbound thunderhulks
  2 ophanim
  A green draconian (Zot:1)
  A deep elf demonologist (Depths:3)
  10 vampire knights
  The ghost of hgbash the Fighter, a journeyman MiBe of Trog (Lair:5)
  10 stone giants
  7 very ugly things
  2 yellow draconians
  A lorocyproca (Abyss:4)
  3 starcursed masses (Abyss:3)
  3 purple draconians
  A white draconian (Zot:1)
  3 dire elephants (Vaults:4)
  3 spark wasps
  4 eidola
  A red draconian (Zot:3)
  A deep elf death mage (Vaults:4)
  A shambling mangrove (D:13)
  3 merfolk javelineers
  9 jiangshi
  9 yaktaur captains
  A green death (Abyss:3)
  An entropy weaver (Vaults:1)
  3 deep elf high priests
  9 ettins
  A spriggan zombie (Crypt:3)
  3 hydras
  4 merfolk impalers
  Fannar (Lair:2)
  3 fire dragons
  Harold (Orc:1)
  2 rakshasas
  4 great orbs of eyes
  2 quicksilver dragon skeletons
  6 spriggan air magi
  2 hell beasts (Depths:3)
  An ogre mage (Vaults:5)
  A peacekeeper (Vaults:4)
  2 merfolk avatars
  20 vault guards
  4 radroaches
  13 ice dragons
  2 alligator snapping turtles
  2 death knights
  3 jorogumos
  A satyr (Shoals:4)
  22 dancing weapons
  5 centaur warriors
  2 merfolk aquamancers
  6 ironbound frosthearts
  5 tengu warriors
  6 death scarabs (Spider:4)
  6 thrashing horrors
  4 boulder beetles
  5 death yaks (Lair:5)
  6 deep troll shamans
  A titan zombie (Crypt:3)
  9 deep troll earth magi
  An azure jelly zombie (Crypt:2)
  8 vampire magi (Crypt:3)
  13 hell knights
  An orc high priest (Orc:2)
  4 spriggan berserkers
  4 deep elf knights
  3 skysharks
  2 wretched stars (Abyss:3)
  3 sun demons (Abyss:4)
  A fire crab (shapeshifter) (Abyss:3)
  A sixfirhy (Depths:3)
  4 skeletal warriors
  A titan skeleton (Crypt:2)
  Amaemon (Lair:1)
  Nergalle (Lair:1)
  A salamander mystic (Depths:4)
  A sun moth (Spider:4)
  2 cherubim (Abyss:4)
  A quicksilver dragon simulacrum (Abyss:4)
  A storm dragon zombie (Crypt:3)
  6 iron trolls (Depths:3)
  2 pharaoh ants
  An anaconda zombie (Crypt:3)
  6 flayed ghosts
  38 deep trolls
  A bunyip zombie (Crypt:3)
  A sea snake (Shoals:1)
  7 orb spiders
  2 glowing orange brains
  An orb spider (shapeshifter) (Elf:1)
  A spatial maelstrom (Abyss:4)
  12 ironbound convokers
  An orange crystal statue (Spider:1)
  A bog body (Crypt:3)
  A golden dragon zombie (Crypt:3)
  8 phantasmal warriors
  A steelbarb worm (Spider:4)
  3 harpies
  8 wizards
  Pikel (D:9)
  3 deep elf archers
  8 orc knights
  14 lindwurms
  27 ugly things
  12 deep elf zephyrmancers
  7 necromancers
  A mana viper (shapeshifter) (Vaults:3)
  An eleionoma zombie (Crypt:3)
  5 deep elf pyromancers
  8 wolf spiders
  3 orc sorcerers
  A cyclops (shapeshifter) (Vaults:5)
  A shining eye (shapeshifter) (Vaults:1)
  A moth of wrath (shapeshifter) (Vaults:5)
  7 cyclopes
  4 fauns
  An oklob plant (Lair:5)
  12 manticores
  8 moths of wrath
  2 centaur zombies
  7 salamanders
  11 elephants
  5 smoke demons (Abyss:3)
  3 black mambas
  3 merfolk sirens (Shoals:3)
  A rust devil (Depths:1)
  6 water nymphs (Shoals:4)
  A guardian serpent (Abyss:3)
  4 demonic crawlers
  16 vault sentinels
  2 orange demons
  4 cane toads
  5 torpor snails
  A komodo dragon (shapeshifter) (D:14)
  2 spectral redbacks (Spider:4)
  A redback zombie (Spider:4)
  A kobold demonologist (D:10)
  10 rime drakes
  A spark wasp simulacrum (Depths:3)
  3 freezing wraiths
  6 komodo dragons
  19 yaktaurs
  4 tengu conjurers
  2 red devils
  2 efreet
  2 guardian mummies (Crypt:3)
  A green draconian skeleton (Crypt:3)
  A tormentor (Depths:2)
  A golden dragon simulacrum (Crypt:2)
  3 ancient zymes
  A hellwing (Abyss:3)
  7 polar bears
  2 meliai (Spider:3)
  4 trolls
  9 merfolk
  2 harpy zombies (Crypt:3)
  18 hornets
  A tarantella (shapeshifter) (D:15)
  15 tarantellas
  5 wind drakes
  3 spectral culicivoras (Spider:4)
  A spectral jumping spider (Spider:4)
  A jumping spider zombie (Spider:4)
  A hydra skeleton (Crypt:1)
  A human simulacrum (Vaults:1)
  2 blink frogs (Lair:4)
  A tarantella zombie (Spider:4)
  2 ettin zombies (Crypt:3)
  15 slime creatures
  6 dream sheep
  2 dream sheep (shapeshifter)
  10 snapping turtles
  14 raiju
  2 centaur simulacra (Gauntlet)
  A shadow (D:7)
  3 air elementals
  7 large abominations
  16 water elementals
  7 flying skulls
  4 jumping spiders
  9 spriggans
  6 wraiths
  11 culicivoras
  7 wyverns
  4 fire bats
  3 ynoxinuls (Abyss:3)
  A chaos spawn (Abyss:3)
  4 basilisks
  3 neqoxecs
  16 vampires (Crypt:3)
  28 yaks
  3 hogs (Spider:1)
  10 vampire mosquitoes
  A redback simulacrum (D:14)
  24 redbacks
  Edmund (D:6)
  2 hydra simulacra (Lair:4)
  9 water moccasins
  3 wargs
  A hell hound (Spider:1)
  2 acid dragons
  An acid dragon (shapeshifter) (D:15)
  A floating eye (shapeshifter) (Elf:2)
  A water nymph skeleton (Crypt:2)
  A glowing shapeshifter skeleton (Crypt:3)
  2 black bears
  A sky beast (D:7)
  5 ogres
  An ice beast (Abyss:3)
  30 orc warriors
  18 wolves
  3 boggarts (Lair:5)
  4 centaurs
  A black mamba simulacrum (Lair:4)
  2 lemures (D:9)
  A snapping turtle skeleton (Crypt:3)
  A human zombie (Vaults:1)
  A phantom (D:6)
  Blork the orc (Orc:2)
  8 bullfrogs
  A kobold brigand (D:10)
  6 necrophages
  2 cane toad simulacra
  A cyclops zombie (Crypt:2)
  4 wights (D:10)
  9 killer bees
  2 spriggan skeletons
  6 electric eels
  2 crimson imps (Gauntlet)
  A quasit (Abyss:4)
  A komodo dragon simulacrum (Lair:4)
  A hound (D:5)
  3 jellies
  13 orc priests
  6 small abominations
  4 iguanas
  21 orc wizards
  3 hell rats (Lair:2)
  A killer bee zombie (Crypt:2)
  A boggart simulacrum (Gauntlet)
  A howler monkey zombie (Crypt:3)
  2 gnolls (D:2)
  7 adders
  2 shadow imps (D:7)
  A white imp (Gauntlet)
  7 worms
  45 orcs
  3 ball pythons
  6 bats
  3 endoplasms
  5 giant cockroaches
  5 goblins
  7 hobgoblins
  A jackal (D:2)
  5 kobolds
  3 quokkas
  A ball python skeleton (Crypt:3)
  4 frilled lizards
  A hobgoblin zombie (Crypt:2)
  4 rats
  A starspawn tentacle (Abyss:4)
1399 creatures vanquished.

Vanquished Creatures (collateral kills)
  2 dread liches (Vaults:5)
  2 ancient liches (Vaults:5)
  Mara (Spider:4)
  A juggernaut (Abyss:4)
  Parghit (Zot:1)
  A Killer Klown (Zot:5)
  A curse toe (Zot:5)
  A golden dragon (Vaults:5)
  Jory (Depths:4)
  2 doom hounds (Depths:2)
  Arachne (Spider:4)
  2 bone dragons
  An electric golem (Zot:5)
  An Ice Fiend (D:12)
  5 tentacled monstrosities
  The ghost of MrSquiggles the Spry, an adept OpGl of Cheibriados (Shoals:3)
  A Hell Sentinel (D:2)
  6 Orb Guardians (Zot:5)
  2 liches
  A titan (Vaults:5)
  2 quicksilver dragons
  Grunn (Depths:2)
  2 tentacled starspawn (Abyss:3)
  3 death cobs
  5 sphinxes
  An ancient champion (Crypt:3)
  4 tengu reavers (Vaults:5)
  A storm dragon (Zot:5)
  Roxanne (Spider:1)
  A revenant (Crypt:2)
  2 draconian monks
  3 shadow dragons
  A fire giant (Depths:3)
  3 ghost moths
  2 draconian knights
  2 balrugs
  8 vault wardens
  3 frost giants
  A caustic shrike zombie (Crypt:3)
  3 emperor scorpions (Spider:4)
  A draconian stormcaller (Zot:1)
  An angel (Abyss:4)
  Louise (D:14)
  5 ironbound preservers
  A war gargoyle (Vaults:4)
  A cacodemon (Depths:3)
  2 ironbound thunderhulks
  6 reapers
  6 vampire knights
  A draconian annihilator (Zot:1)
  2 ghouls
  6 very ugly things
  An ophan (Abyss:4)
  9 stone giants
  A yellow draconian (Zot:1)
  A green draconian (Zot:1)
  2 dire elephants
  A minotaur (Gauntlet)
  Azrael (Spider:1)
  4 ettins
  An eidolon (Crypt:3)
  5 white draconians
  5 black draconians
  A purple draconian (Depths:4)
  4 merfolk javelineers
  A blizzard demon (Gauntlet)
  5 merfolk impalers (Shoals:4)
  4 deep elf death magi
  A jiangshi (Crypt:3)
  3 fire dragons
  Josephine (D:14)
  4 great orbs of eyes
  11 yaktaur captains
  An entropy weaver (Vaults:3)
  6 ice dragons
  20 vault guards
  A peacekeeper (Vaults:2)
  3 hydras (D:13)
  An ogre mage (Vaults:5)
  7 ironbound frosthearts
  A rakshasa (Vaults:4)
  A jorogumo (Spider:4)
  A salamander tyrant (Depths:2)
  A hell beast (Depths:3)
  A catoblepas (Lair:5)
  A death knight (Crypt:3)
  A centaur warrior (Vaults:2)
  7 dancing weapons
  A two-headed ogre (D:13)
  A death scarab (Spider:4)
  3 deep troll earth magi
  A death yak (Lair:5)
  2 merfolk aquamancers
  7 boulder beetles
  2 tengu warriors (D:15)
  4 vampire magi
  8 thrashing horrors
  3 large abominations
  A sun demon (Abyss:4)
  A skyshark (Shoals:2)
  9 hell knights
  8 deep elf knights
  A salamander mystic (Depths:2)
  A soul eater (Depths:1)
  A skeletal warrior (Crypt:3)
  A fire crab (shapeshifter) (D:13)
  3 iron trolls
  3 pharaoh ants
  A sixfirhy (Depths:3)
  2 glowing orange brains
  A golden dragon zombie (Crypt:3)
  22 deep trolls
  A sea snake (Shoals:3)
  A spectral jorogumo (Spider:4)
  2 orb spiders
  A deep elf archer (D:15)
  A cherub (D:3)
  An anaconda zombie (Abyss:4)
  A shadow demon (D:5)
  2 spectral wolf spiders (Spider:4)
  4 steelbarb worms
  An orange crystal statue (IceCv)
  3 lindwurms (Vaults:2)
  10 deep elf zephyrmancers
  An obsidian statue (Shoals:3)
  10 phantasmal warriors
  An orc knight (Orc:2)
  9 harpies
  4 ironbound convokers
  A wizard (Vaults:3)
  9 necromancers
  A wolf spider zombie (Spider:4)
  10 deep elf pyromancers
  2 orc sorcerers (Orc:2)
  A cyclops (Shoals:2)
  7 wolf spiders
  6 manticores
  A toenail golem (D:1)
  2 moths of wrath
  7 elephants
  A cyclops (shapeshifter) (D:13)
  17 ugly things
  4 black mambas
  3 merfolk sirens (Shoals:3)
  A stone giant skeleton (Vaults:1)
  Joseph (D:9)
  A torpor snail (shapeshifter) (Vaults:3)
  5 water nymphs
  A torpor snail (Lair:4)
  2 demonic crawlers
  A human skeleton (Vaults:1)
  8 vault sentinels
  An orange demon (Lair:2)
  3 cane toads
  5 smoke demons
  An unseen horror (D:11)
  13 yaktaurs
  A kobold demonologist (D:10)
  A rime drake (shapeshifter) (Abyss:3)
  5 freezing wraiths
  3 rime drakes
  A pale draconian zombie (Crypt:2)
  A tengu conjurer (D:15)
  An efreet (Abyss:4)
  5 komodo dragons
  2 ice devils
  A red devil (Zot:1)
  2 guardian mummies (Crypt:3)
  A harpy zombie (Crypt:3)
  3 ancient zymes
  2 trolls
  A spectral jumping spider (Spider:4)
  A wind drake (Shoals:1)
  6 polar bears (IceCv)
  A merfolk (Shoals:4)
  4 meliai
  9 tarantellas
  5 hornets
  A sphinx simulacrum (Depths:3)
  4 raiju
  A hellwing (Depths:3)
  A spectral culicivora (Spider:4)
  3 blink frogs (Lair:4)
  3 snapping turtles
  A jumping spider zombie (Spider:4)
  2 dream sheep (Shoals:2)
  A culicivora zombie (Spider:4)
  A boulder beetle zombie (Crypt:3)
  14 slime creatures
  A jumping spider (shapeshifter) (Vaults:5)
  3 culicivoras (Spider:3)
  An ettin zombie (Vaults:1)
  4 wraiths
  6 jumping spiders
  3 wyverns
  6 spriggans (Lair:5)
  2 shadows
  5 vampires (Crypt:3)
  26 water elementals
  4 air elementals (Shoals:4)
  A human (Lair:4)
  2 hogs (Spider:1)
  15 redbacks
  10 yaks
  2 fire bats (Depths:2)
  2 fire elementals
  3 basilisks
  A death yak simulacrum (Lair:4)
  4 vampire mosquitoes
  A glowing shapeshifter zombie (Depths:3)
  An acid dragon (D:12)
  5 water moccasins
  2 hell hounds (Spider:1)
  A glowing shapeshifter skeleton (Depths:3)
  A merfolk skeleton (Crypt:3)
  An ice beast (D:7)
  5 black bears
  A sky beast (D:7)
  12 orc warriors
  7 wolves
  5 ogres
  A lindwurm zombie (Crypt:1)
  4 centaurs
  2 black mamba simulacra (Lair:4)
  A phantom (D:6)
  2 kobold brigands
  3 bullfrogs
  2 scorpions
  A killer bee (D:8)
  An electric eel (D:9)
  A howler monkey (D:9)
  2 crimson imps (Gauntlet)
  4 orc priests
  3 jellies
  3 sleepcaps
  10 orc wizards
  A hell rat (Lair:2)
  A gnoll (D:2)
  2 adders (D:2)
  2 white imps
  An ufetubus (D:6)
  A worm (D:2)
  A dart slug (D:4)
  25 orcs
  An endoplasm (D:2)
  A giant cockroach (D:4)
  A hobgoblin (D:4)
  3 jackals (D:2)
  2 kobolds
  3 quokkas
  A bat (D:2)
  A goblin (D:2)
  A rat (D:3)
  2 lurking horrors
  A starspawn tentacle (Abyss:4)
812 creatures vanquished.

Vanquished Creatures (others)
  An ancient lich (Crypt:3)
  A draconian monk (Zot:5)
  2 ironbound thunderhulks (Vaults:1)
  A lorocyproca (Abyss:3)
  A white draconian (Zot:1)
  A yellow draconian (Zot:1)
  2 ice dragons (Depths:3)
  A salamander (Depths:2)
  A vault sentinel (Vaults:5)
  A hornet (Depths:3)
  A large abomination (Abyss:3)
  63 battlemagi
  A white imp (Gauntlet)
  An ancestor (D:2)
  4 demonic plants (Gauntlet)
  19 fungi
  2 lurking horrors
  75 plants
  15 starspawn tentacles
  5 tentacles (Shoals:3)
198 creatures vanquished.

Grand Total: 2409 creatures vanquished

Notes
Turn   | Place    | Note
-------+----------+-------------------------------------------
     0 | D:1      | Monkooky the Demonspawn Artificer began the quest for the
                  | Orb.
     0 | D:1      | Reached XP level 1. HP: 15/15 MP: 1/1
    83 | D:1      | Reached skill level 1 in Dodging
    83 | D:1      | Reached skill level 1 in Stealth
   266 | D:1      | Gained mutation: A meltable shield of frost defends you.
                  | (SH +4) [demonic ancestry]
   266 | D:1      | Reached XP level 2. HP: 21/22 MP: 2/2
   349 | D:1      | Reached skill level 1 in Long Blades
   578 | D:1      | Discovered your monstrous ancestry.
   578 | D:1      | Gained mutation: You have a small tail. [demonic ancestry]
   578 | D:1      | Reached XP level 3. HP: 25/27 MP: 3/3
   934 | D:2      | Found a faded altar of an unknown god.
   937 | D:2      | Prayed at the altar of an unknown god.
   937 | D:2      | Became a worshipper of Hepliaklqana the Forgotten
   937 | D:2      | Reached * piety under Hepliaklqana
  1039 | D:2      | Gained mutation: You regenerate magic rapidly. [demonic
                  | ancestry]
  1039 | D:2      | Reached XP level 4. HP: 25/29 MP: 4/4
  1331 | D:2      | Gained mutation: You have a pair of small antennae on your
                  | head. [demonic ancestry]
  1331 | D:2      | Reached XP level 5. HP: 34/34 MP: 5/5
  1603 | D:3      | Reached ** piety under Hepliaklqana
  1604 | D:3      | Remembered your ancestor Zarja as a battlemage
  1770 | D:3      | Found Peab's Distillery.
  1777 | D:3      | Bought a potion of heal wounds for 50 gold pieces
  1777 | D:3      | Bought a potion of curing for 30 gold pieces
  2040 | D:3      | Found Vymim's Jewellery Emporium.
  2232 | D:4      | Noticed an ogre
  2237 | D:4      | Killed an ogre
  2428 | D:4      | Found a staircase to the Ecumenical Temple.
  2471 | Temple   | Entered the Ecumenical Temple
  2576 | D:4      | Found a basalt altar of Yredelemnul.
  2792 | D:5      | Entered Level 5 of the Dungeon
  2794 | D:5      | Reached *** piety under Hepliaklqana
  2817 | D:5      | Reached XP level 6. HP: 35/39 MP: 6/6
  3174 | D:5      | Found a radiant altar of Vehumet.
  3290 | D:5      | Reached XP level 7. HP: 43/45 MP: 9/9
  3552 | D:6      | Noticed Edmund
  3561 | D:6      | Killed Edmund
  3626 | D:6      | Reached skill level 5 in Long Blades
  3698 | D:6      | Reached XP level 8. HP: 47/52 MP: 12/12
  3781 | D:6      | Found an iron altar of Okawaru.
  4402 | D:7      | Reached skill level 5 in Fighting
  4509 | D:7      | Reached **** piety under Hepliaklqana
  4575 | D:7      | Noticed a hornet
  4635 | D:7      | Found Toxe's Island Escapes.
  5307 | D:8      | Gained mutation: Your touch may inflict minor irresistible
                  | damage on your foes. [demonic ancestry]
  5307 | D:8      | Reached XP level 9. HP: 57/62 MP: 13/13
  6229 | D:9      | Noticed an elephant
  6246 | D:9      | Killed an elephant
  6250 | D:9      | Reached skill level 5 in Evocations
  6256 | D:9      | Found a staircase to the Lair.
  6406 | D:9      | Reached XP level 10. HP: 34/71 MP: 14/14
  6827 | D:9      | Noticed Joseph
  6831 | D:9      | Killed Joseph
  6832 | D:9      | Reached skill level 5 in Dodging
  7299 | D:9      | Noticed Pikel
  7311 | D:9      | Killed Pikel
  7350 | D:9      | Found a sacrificial altar of Ru.
  7350 | D:9      | Found a blossoming altar of Fedhas.
  7357 | D:9      | Found an ornate altar of the Wu Jian Council.
  7359 | D:9      | Found a burning altar of Makhleb.
  7361 | D:9      | Found a sparkling altar of Nemelex Xobeh.
  7604 | D:10     | Entered Level 10 of the Dungeon
  7621 | D:10     | Noticed a sun demon
  7883 | D:10     | Reached ***** piety under Hepliaklqana
  7941 | D:10     | Reached skill level 10 in Long Blades
  7947 | D:10     | Gained mutation: A meltable icy envelope protects you from
                  | harm. (AC +8) [demonic ancestry]
  7947 | D:10     | Reached XP level 11. HP: 46/75 MP: 15/15
  8687 | D:11     | Identified the +6 scale mail of the Big Bang {Str+6 Int+3}
  8706 | D:11     | Learned a level 2 spell: Blink
  8709 | D:11     | Learned a level 2 spell: Lesser Beckoning
  9050 | Lair:1   | Entered Level 1 of the Lair of Beasts
  9151 | Lair:2   | Noticed a boulder beetle
  9151 | Lair:2   | Noticed Nergalle
  9164 | Lair:1   | Killed Nergalle
  9269 | Lair:1   | Killed a boulder beetle
  9297 | Lair:2   | Noticed Fannar
  9314 | Lair:2   | Killed Fannar
  9456 | Lair:2   | Noticed Amaemon
  9474 | Lair:1   | Killed Amaemon
  9717 | Lair:2   | Gained mutation: When hurt, damage is shared between your
                  | health and your magic reserves. [demonic ancestry]
  9717 | Lair:2   | Reached XP level 12. HP: 32/81 MP: 16/16
  9973 | Lair:2   | Found a hole to the Spider Nest.
 10283 | Lair:2   | Found a staircase to the Shoals.
 11136 | Lair:3   | Reached skill level 10 in Invocations
 11261 | Lair:3   | Reached skill level 1 in Spellcasting
 11868 | Lair:3   | Gained mutation: Your touch may inflict irresistible damage
                  | on your foes. [demonic ancestry]
 11868 | Lair:3   | Reached XP level 13. HP: 63/88 MP: 20/20
 12057 | Lair:4   | Found a staircase to the Slime Pits.
 12059 | Lair:4   | Noticed Nessos
 12069 | Lair:4   | Nessos changed into Nessos the human
 12069 | Lair:4   | Noticed Nessos
 12074 | Lair:4   | Killed Nessos the human
 12429 | Lair:4   | Found a runed translucent gate.
 12429 | Lair:4   | Found a runed translucent gate.
 12904 | Lair:4   | Noticed patfeehan111222's ghost (journeyman DrBe)
 12981 | Lair:4   | Found a runed translucent gate.
 13219 | Lair:4   | Reached ****** piety under Hepliaklqana
 13468 | Lair:5   | Entered Level 5 of the Lair of Beasts
 13764 | Lair:5   | Found a runed translucent gate.
 13764 | Lair:5   | Found a runed translucent gate.
 13766 | Lair:5   | Noticed hgbash's ghost (journeyman MiBe)
 13768 | Lair:5   | Found a runed translucent gate.
 13829 | Lair:5   | Reached skill level 1 in Shields
 14235 | Lair:5   | Reached skill level 5 in Shields
 14660 | Lair:5   | Gained mutation: A meltable icy envelope protects you from
                  | harm. (AC +8) [demonic ancestry]
 14660 | Lair:5   | Reached XP level 14. HP: 79/97 MP: 21/21
 14737 | Lair:5   | Identified the +0 quarterstaff of Exquisite Torment {vamp,
                  | rElec Str+2 SInv}
 15560 | D:11     | Found a staircase to the Orcish Mines.
 15832 | Orc:1    | Entered Level 1 of the Orcish Mines
 15834 | Orc:1    | Noticed Jorgrun
 15856 | Orc:1    | Killed Jorgrun
 16240 | Orc:1    | Noticed Harold
 16254 | Orc:1    | Killed Harold
 16302 | Orc:1    | You fall into a shaft and drop 1 floor!
 16302 | Orc:2    | Entered Level 2 of the Orcish Mines
 16852 | Orc:2    | Noticed Blork the orc
 16862 | Orc:2    | Killed Blork the orc
 16913 | Orc:2    | Reached skill level 5 in Armour
 17076 | Orc:2    | Noticed an orc warlord
 17117 | Orc:2    | Killed an orc warlord
 17431 | Orc:1    | Learned a level 2 spell: Wereblood
 17516 | Orc:2    | Found Notidi's Antique Weapon Boutique.
 17616 | Orc:2    | Found a staircase to the Elven Halls.
 17808 | Orc:2    | Found Quomupn's Book Boutique.
 17823 | Orc:2    | Found Cuufun's General Store.
 17838 | Orc:2    | Found Apluos's Antique Armour Boutique.
 17862 | Orc:2    | Bought a manual of Evocations for 1280 gold pieces
 18090 | D:12     | You fall into a shaft and drop 2 floors!
 18245 | D:12     | Found a gate leading to a gauntlet.
 18254 | Gauntlet | Entered a Gauntlet
 18254 | Gauntlet | Found a transporter.
 18254 | Gauntlet | Found a transporter.
 18254 | Gauntlet | Found a runed translucent door.
 18262 | Gauntlet | Found a transporter.
 18266 | Gauntlet | Found a transporter.
 18274 | Gauntlet | Found a transporter.
 18278 | Gauntlet | Found a transporter.
 18286 | Gauntlet | Found a transporter.
 18301 | Gauntlet | Found a runed translucent gate.
 18302 | Gauntlet | Found a transporter.
 18302 | Gauntlet | Found a runed translucent gate.
 18303 | Gauntlet | Found a runed translucent gate.
 18316 | Gauntlet | Found a transporter.
 18320 | Gauntlet | Found a transporter.
 18328 | Gauntlet | Found a transporter.
 18332 | Gauntlet | Found a transporter.
 18336 | Gauntlet | Found a runed translucent door.
 18460 | Gauntlet | Reached skill level 10 in Evocations
 19766 | D:13     | Gained mutation: You have a tail ending in a sharp stinger.
                  | [demonic ancestry]
 19766 | D:13     | Reached XP level 15. HP: 100/102 MP: 22/22
 20250 | D:13     | Found the +1 robe of Vines {NoPotionHeal Regen++++}
 20413 | D:13     | Found a gate to the Vaults.
 20633 | D:14     | Noticed Josephine
 20643 | D:14     | Killed Josephine
 20650 | D:14     | Reached skill level 15 in Evocations
 20751 | D:14     | Noticed Louise
 20763 | D:14     | Killed Louise
 21366 | D:14     | Reached skill level 10 in Dodging
 21411 | D:14     | Found a viscous altar of Jiyva.
 21913 | Elf:1    | Entered Level 1 of the Elven Halls
 21933 | Elf:1    | Reached skill level 10 in Fighting
 22361 | Elf:1    | Found Rorchol's Book Emporium.
 22480 | Elf:1    | Learned a level 3 spell: Vhi's Electric Charge
 22495 | Elf:1    | Reached skill level 1 in Translocations
 22697 | Elf:1    | Reached skill level 1 in Air Magic
 23202 | Elf:2    | Paralysed by a floating eye for 3 turns
 23310 | Elf:2    | Found Tobbu's Book Emporium.
 23426 | Elf:2    | Reached XP level 16. HP: 108/111 MP: 21/23
 23437 | Elf:2    | Found a runed translucent gate.
 23438 | Elf:2    | Found a runed translucent gate.
 23438 | Elf:2    | Found a runed translucent gate.
 23455 | Elf:2    | Paralysed by an air elemental for 1 turns
 23833 | Elf:2    | Reached skill level 5 in Translocations
 23833 | Elf:2    | Reached skill level 5 in Air Magic
 23833 | Elf:2    | Gained mutation: You have a pair of antennae on your head.
                  | [demonic ancestry]
 23833 | Elf:2    | Reached XP level 17. HP: 117/117 MP: 24/24
 23965 | Elf:2    | Found a portal to a secret trove of treasure.
 24083 | Elf:2    | HP: 2/117 [+2 halberd of flaming (5)]
 25194 | Shoals:1 | Entered Level 1 of the Shoals
 25979 | Shoals:2 | Reached skill level 5 in Spellcasting
 26358 | Shoals:2 | Found a frozen archway.
 26461 | Shoals:2 | Gained mutation: You are occasionally teleported next to
                  | monsters. [potion of mutation]
 26464 | IceCv    | Entered an ice cave
 27564 | IceCv    | Got the Elucidation of Refrigeration
 27565 | IceCv    | Identified the +2 ice dragon scales of the Blind Marksman
                  | {Contam Fly rF- rC++ MP+9}
 27574 | IceCv    | Identified the +2 pair of gloves of Turih {Harm}
 27876 | Shoals:3 | Noticed Ilsuiw
 28214 | Shoals:2 | Killed Ilsuiw
 28390 | Shoals:3 | Gained mutation: When low on magic, you restore magic in
                  | place of health. [demonic ancestry]
 28390 | Shoals:3 | Reached XP level 18. HP: 122/126 MP: 26/26
 28605 | Shoals:3 | Found a runed translucent gate.
 28606 | Shoals:3 | Found a runed translucent gate.
 28606 | Shoals:3 | Found an opulent altar of Gozag.
 28607 | Shoals:3 | Found a runed translucent gate.
 28608 | Shoals:3 | Noticed MrSquiggles's ghost (adept OpGl)
 28657 | Shoals:3 | Reached skill level 1 in Transmutations
 29274 | Shoals:4 | Entered Level 4 of the Shoals
 29433 | Shoals:4 | Paralysed by an air elemental for 1 turns
 29539 | Shoals:4 | Paralysed by an air elemental for 1 turns
 29542 | Shoals:4 | Paralysed by an air elemental for 1 turns
 30176 | Shoals:4 | Paralysed by an air elemental for 1 turns
 30180 | Shoals:4 | Paralysed by an air elemental for 1 turns
 30213 | Shoals:4 | Identified the +0 leather armour of the Snake Pit {+Blink
                  | rPois Regen+ Slay-4}
 30452 | Shoals:4 | Paralysed by an air elemental for 1 turns
 30971 | Shoals:4 | Reached skill level 1 in Ranged Weapons
 30980 | Shoals:4 | Got a barnacled rune of Zot
 30991 | Shoals:4 | Got the Omnibus of Singed Creation
 31214 | Spider:1 | Entered Level 1 of the Spider Nest
 31214 | Spider:1 | Found a transporter.
 31225 | Spider:1 | Noticed Azrael
 31231 | Spider:1 | Killed Azrael
 31232 | Spider:1 | Reached skill level 2 in Ranged Weapons
 31296 | Spider:1 | Found a transporter.
 31325 | Spider:1 | Noticed Roxanne
 31339 | Spider:1 | Reached skill level 3 in Ranged Weapons
 31350 | Spider:1 | Killed Roxanne
 31536 | Spider:1 | Reached skill level 4 in Ranged Weapons
 31572 | Spider:1 | Noticed Kirke
 31580 | Spider:1 | Killed Kirke
 31581 | Spider:1 | Noticed Frances
 31588 | Spider:1 | Killed Frances
 31589 | Spider:1 | Reached skill level 5 in Ranged Weapons
 32424 | Spider:2 | Reached skill level 6 in Ranged Weapons
 32483 | Spider:2 | Lost mutation: You are occasionally teleported next to
                  | monsters. [potion of mutation]
 32483 | Spider:2 | Gained mutation: You occasionally lose the ability to drink
                  | potions when taking damage. [potion of mutation]
 32483 | Spider:2 | Gained mutation: You are strong-willed. (Will+) [potion of
                  | mutation]
 32544 | Spider:2 | Noticed Agnes
 32553 | Spider:2 | Killed Agnes
 32557 | Spider:2 | Reached skill level 7 in Ranged Weapons
 32674 | Spider:2 | You fall into a shaft and drop 1 floor!
 32934 | Spider:3 | Identified a scroll of acquirement
 32943 | Spider:3 | Acquired a +0 pair of boots of flying
 33627 | Spider:3 | Reached skill level 8 in Ranged Weapons
 34909 | Spider:4 | Entered Level 4 of the Spider Nest
 34909 | Spider:4 | Noticed Arachne
 34921 | Spider:4 | Killed Arachne
 34922 | Spider:4 | Gained mutation: You have a pair of large antennae on your
                  | head. (SInv) [demonic ancestry]
 34922 | Spider:4 | Reached XP level 19. HP: 88/132 MP: 19/28
 35076 | Spider:4 | Noticed Mara
 35084 | Spider:4 | Noticed Monkooky's illusion
 35222 | Spider:4 | Reached skill level 9 in Ranged Weapons
 35551 | Spider:4 | Noticed Monkooky's illusion
 35557 | Spider:4 | Killed Mara
 36085 | Spider:4 | Reached skill level 10 in Ranged Weapons
 36446 | Spider:4 | Reached skill level 11 in Ranged Weapons
 36571 | Spider:4 | Paralysed by a jorogumo for 3 turns
 36600 | Spider:4 | Got a gossamer rune of Zot
 37098 | D:15     | Entered Level 15 of the Dungeon
 37280 | D:15     | Reached skill level 12 in Ranged Weapons
 37740 | D:15     | Found a runed translucent door.
 37875 | D:15     | Found a staircase to the Depths.
 38256 | Vaults:1 | Entered Level 1 of the Vaults
 38666 | Vaults:1 | Reached skill level 13 in Ranged Weapons
 39322 | Vaults:1 | Reached skill level 14 in Ranged Weapons
 39358 | Vaults:1 | Gained mutation: Your touch may irresistibly damage your
                  | foes and sap their willpower. [demonic ancestry]
 39358 | Vaults:1 | Reached XP level 20. HP: 87/138 MP: 29/29
 39906 | D:13     | Reached skill level 15 in Ranged Weapons
 40614 | Vaults:1 | Found Aweefuupp's Jewellery Boutique.
 41027 | Vaults:2 | Paralysed by a great orb of eyes for 3 turns
 41472 | Vaults:2 | Reached skill level 16 in Ranged Weapons
 42014 | Vaults:2 | Found a staircase to the Crypt.
 42443 | Vaults:2 | HP: 6/138 [ironbound frostheart/creeping frost (23)]
 42488 | Vaults:2 | Lost mutation: You occasionally lose the ability to drink
                  | potions when taking damage. [potion of mutation]
 42488 | Vaults:2 | Lost mutation: You are strong-willed. (Will+) [potion of
                  | mutation]
 42488 | Vaults:2 | Gained mutation: You are somewhat resistant to further
                  | mutation. [potion of mutation]
 42488 | Vaults:2 | Gained mutation: You are robust. (+10% HP) [potion of
                  | mutation]
 43822 | Vaults:3 | Reached skill level 17 in Ranged Weapons
 44284 | Shoals:3 | Killed MrSquiggles's ghost
 44820 | Lair:4   | Killed patfeehan111222's ghost
 45019 | Lair:5   | Killed hgbash's ghost
 45730 | Spider:1 | Reached skill level 18 in Ranged Weapons
 45732 | Spider:1 | Identified the +1 cloak of Broken Taboos {Str+4}
 45742 | Spider:1 | Got the Folio of Kinetic Energy
 46076 | Crypt:1  | Entered Level 1 of the Crypt
 46131 | Crypt:1  | You are sucked into a shaft and drop 1 floor!
 46429 | Crypt:2  | Reached XP level 21. HP: 142/157 MP: 26/30
 46665 | Crypt:2  | Reached skill level 10 in Shields
 46842 | Crypt:3  | Entered Level 3 of the Crypt
 47031 | Crypt:3  | Noticed an ancient lich
 47047 | Crypt:3  | Killed an ancient lich
 47163 | Crypt:3  | Found a staircase to the Tomb.
 47338 | Crypt:3  | Paralysed by a vampire knight for 4 turns
 48383 | Crypt:3  | Got the Almanac of Skeletons
 48418 | Crypt:3  | Got the Incunabulum of the Forest
 48421 | Crypt:3  | Got the Grimoire of Quantum Toxicity
 49147 | Vaults:3 | Gained mutation: You have a sharp stinger which inflicts
                  | weakening toxins. [demonic ancestry]
 49147 | Vaults:3 | Reached XP level 22. HP: 147/174 MP: 28/31
 49260 | Vaults:3 | Reached skill level 15 in Fighting
 49870 | Vaults:3 | Learned a level 4 spell: Passage of Golubria
 49874 | Vaults:3 | Learned a level 3 spell: Portal Projectile
 49878 | Vaults:3 | Learned a level 3 spell: Mephitic Cloud
 50135 | Vaults:4 | Noticed Margery
 50151 | Vaults:4 | Killed Margery
 50213 | Abyss:3  | Cast into level 3 of the Abyss (vault guard)
 51066 | Abyss:3  | Found a corrupted altar of Lugonu.
 51068 | Abyss:3  | Found a corrupted altar of Lugonu.
 51068 | Abyss:3  | Found a corrupted altar of Lugonu.
 51221 | Abyss:4  | Noticed an ancient lich
 51231 | Abyss:4  | Killed an ancient lich
 51305 | Abyss:4  | Gained mutation: You are dopey. (Int -2) [a neqoxec]
 51329 | Vaults:4 | Escaped the Abyss
 51557 | Vaults:4 | Noticed Boris
 51558 | Vaults:4 | Reached skill level 15 in Shields
 51568 | Vaults:4 | Killed Boris
 52043 | Vaults:5 | Entered Level 5 of the Vaults
 52046 | Vaults:5 | Noticed Sojobo
 52047 | Vaults:5 | Noticed an ancient lich
 52131 | Vaults:5 | Reached XP level 23. HP: 79/184 MP: 16/32
 52147 | Vaults:5 | Noticed an ancient lich
 52154 | Vaults:5 | Killed an ancient lich
 52156 | Vaults:5 | Found the +3 Elemental Staff {rElec rF++ rC++ AC+5}
 52228 | Vaults:5 | Got a silver rune of Zot
 52232 | Vaults:5 | Got the Codex of Compulsion
 52241 | Vaults:5 | Identified the +3 helmet of the Vacuum {rElec rF+}
 52408 | Abyss:4  | Cast into level 4 of the Abyss (a deep elf sorcerer)
 52515 | Abyss:4  | Noticed a juggernaut
 52525 | Abyss:4  | Killed a juggernaut
 52546 | Abyss:4  | Got an abyssal rune of Zot
 52588 | Vaults:5 | Escaped the Abyss
 52590 | Vaults:5 | Noticed a dread lich
 52608 | Vaults:5 | Killed a dread lich
 52658 | Vaults:5 | HP: 8/185 [tengu reaver/bolt of fire[Sojobo] (27)]
 52847 | Vaults:5 | Paralysed by an air elemental for 1 turns
 52859 | Vaults:5 | Killed Sojobo
 53121 | Vaults:5 | Noticed a dread lich
 53172 | Vaults:5 | Killed an ancient lich
 53329 | Vaults:5 | Identified the staff of conjuration "Gerho" {rPois Str+2
                  | Int+4}
 53375 | Vaults:5 | Noticed a dread lich
 53380 | Vaults:5 | Paralysed by a dread lich for 3 turns
 53383 | Vaults:5 | Killed a dread lich
 53384 | Vaults:5 | Reached skill level 10 in Translocations
 53722 | Vaults:5 | Acquired the +10 tower shield of Ignorance {rN+ Int-4}
 53722 | Vaults:5 | Found the +10 tower shield of Ignorance {rN+ Int-4}
 53820 | Vaults:5 | Paralysed by a dread lich for 5 turns
 53821 | Vaults:5 | Killed a dread lich
 54023 | Vaults:5 | Got Sif Muna's Anthology of Sculpting and the Rocks
 54031 | Vaults:5 | Learned a level 2 spell: Passwall
 54058 | Vaults:5 | Gained mutation: Your magical and physical power is
                  | slightly enhanced at high health. [demonic ancestry]
 54058 | Vaults:5 | Reached XP level 24. HP: 127/180 MP: 27/32
 54079 | Vaults:5 | Got Zauck's Opusculum on the Airy Valley
 54169 | Vaults:5 | Found the +0 pair of fencer's gloves {Riposte Dex+3}
 54177 | Vaults:5 | Identified the staff of earth "Giser" {rElec rC+ rCorr
                  | Str-4}
 54611 | Depths:1 | Entered Level 1 of the Depths
 54623 | Depths:1 | Identified the +5 long sword of the Teaching Blowfly
                  | {speed, *Rage rElec Will+}
 54629 | Depths:1 | Found a one-way gate to the infinite horrors of the Abyss.
 54795 | Depths:1 | Found a broken altar of Ashenzari.
 54846 | Depths:1 | Found a one-way gate leading to the halls of Pandemonium.
 55049 | Depths:1 | Found a gateway to Hell.
 55199 | Depths:1 | Found a transporter.
 55200 | Depths:1 | Noticed drewk1942's ghost (adept GnHu)
 55201 | Depths:1 | Identified the +3 great mace of Pyug {heavy, rC- Int+3
                  | SInv}
 55205 | Depths:1 | Found a transporter.
 56086 | Depths:2 | Noticed Grunn
 56095 | Depths:2 | Killed Grunn
 56096 | Depths:2 | Reached skill level 5 in Transmutations
 56413 | Depths:2 | Found a one-way gateway to a ziggurat.
 57204 | Depths:3 | Got Sif Muna's Tome of Unstable Metamorphosis
 57340 | Depths:3 | Noticed the Enchantress
 57415 | Depths:3 | Noticed Frederick
 57422 | Depths:3 | Killed Frederick
 57431 | Depths:3 | Reached skill level 10 in Spellcasting
 57481 | Depths:3 | Found Kejiyn's Book Boutique.
 57649 | Depths:3 | Killed the Enchantress
 57650 | Depths:3 | Gained mutation: Your magical and physical power is
                  | enhanced at high health. [demonic ancestry]
 57650 | Depths:3 | Reached XP level 25. HP: 139/199 MP: 26/37
 57695 | Depths:3 | Noticed Mennas
 57714 | Depths:3 | Killed Mennas
 58266 | Depths:4 | Entered Level 4 of the Depths
 58270 | Depths:4 | Reached skill level 15 in Dodging
 58458 | Depths:4 | Identified the +5 morningstar of Lyhav {spect, Will+ Str-2
                  | SInv}
 58871 | Depths:4 | Found Jihihu's Antique Armour Shop.
 58897 | Depths:4 | Noticed Boris
 58907 | Depths:4 | Killed Boris
 58961 | Depths:4 | Identified the +10 plate armour of Beogh's Grace {Drain
                  | Regen+ SInv}
 59119 | Depths:4 | Noticed Jory
 59124 | Depths:4 | Found an ancient bone altar of Kikubaaqudgha.
 59134 | Depths:4 | Killed Jory
 59138 | Depths:4 | Reached skill level 10 in Armour
 59216 | Depths:4 | Found a gate to the Realm of Zot.
 59353 | Zot:1    | Entered Level 1 of the Realm of Zot
 59974 | Zot:1    | Noticed Parghit
 59984 | Zot:1    | Killed Parghit
 60397 | Zot:1    | Found a runed translucent gate.
 60398 | Zot:1    | Found a runed translucent gate.
 60398 | Zot:1    | Found an ancient bone altar of Kikubaaqudgha.
 60399 | Zot:1    | Found a runed translucent gate.
 60399 | Zot:1    | Noticed Oriecen's ghost (master DsEE)
 60399 | Zot:1    | Noticed ragingrage's ghost (master HuWr)
 60400 | Zot:1    | Noticed Benajun's ghost (veteran OgBe)
 60400 | Zot:1    | Noticed a dread lich
 60401 | Zot:1    | Noticed an ancient lich
 60460 | Zot:1    | Identified the +5 mace "Grim" {antimagic, rElec Int+4}
 61670 | Zot:5    | Entered Level 5 of the Realm of Zot
 61673 | Zot:5    | Found a runed translucent door.
 61680 | Zot:5    | Noticed Wefy's ghost (legendary GnIE)
 61704 | Zot:5    | Identified the +6 battleaxe of Might {heavy, rElec rC+++
                  | rCorr Str-3}
 62018 | Zot:5    | Noticed a Killer Klown
 62023 | Zot:5    | Killed a Killer Klown
 62094 | Zot:5    | Noticed an ancient lich
 62102 | Zot:5    | Killed an ancient lich
 62103 | Zot:5    | Reached XP level 26. HP: 172/208 MP: 19/38
 62111 | Zot:5    | Noticed an orb of fire
 62118 | Zot:5    | Noticed an orb of fire
 62123 | Zot:5    | Noticed an orb of fire
 62123 | Zot:5    | Noticed a dread lich
 62138 | Zot:5    | Noticed an orb of fire
 62139 | Zot:5    | Noticed an orb of fire
 62140 | Zot:5    | Got the Orb of Zot
 62150 | Zot:5    | Paralysed by a Zot trap for 2 turns
 62153 | Zot:5    | Gained mutation: You are occasionally teleported next to
                  | monsters. [an orb of fire]
 62177 | Zot:5    | Noticed an ancient lich
 62601 | D:12     | Noticed Niacoc the pandemonium lord
 62877 | D:$      | Escaped with the Orb!

Illustrated notes

Levels and vault maps discovered:
D:1:      minmay_arrival_widening_spiral_wide, layout_basic, nicolae_wormholes
D:2:      layout_basic, nicolae_ecumenical_pavilion, grunt_ministairs_8,
          chequers_serial_rivers_micro_c
D:3:      minmay_evil_eye, layout_loops_corners, serial_shops, shop, shop,
          gammafunk_ghost_cemetery
D:4:      layout_cave_pools, gammafunk_temple_overflow_forgotten,
          minmay_temple_entry_enclosed_plants
D:5:      layout_loops_cross, nicolae_vehumet_radiance,
          hangedman_decor_peaks_small, hellmonk_no_cap
D:6:      layout_cave_pools, mainiacjoe_overflow_boulevard, uniq_edmund
D:7:      cheibrodos_two_vegetables, layout_loops_ring, nicolae_island_escapes
D:8:      layout_loops_ring
D:9:      layout_loops_ring, chequers_temple_overflow_minitemple,
          david_lair_generic, nrook_pool_corridor,
          chequers_serial_rivers_large_a, disabler_island, uniq_joseph,
          uniq_pikel
D:10:     layout_cave_pools
D:11:     layout_loops_ring, erik_orc_2, minmay_misc_feat_rows
D:12:     layout_long_grid, gauntlet_entry_generic, hive_lemuel
D:13:     layout_layer_cave, david_vaults_4, hellmonk_guarded_unrand_vines
D:14:     layout_cave_pods, chequers_arboretum, jiyva_altar_1, uniq_josephine,
          uniq_louise
D:15:     hangedman_depths_entry_civil_slaughter, layout_basic,
          minmay_hidden_floor
Temple:   nicolae_temple_x_marks_the_god
Lair:1:   gammafunk_indiana_jones, layout_cave_pods,
          gammafunk_ghost_abyssal_escape, lemuel_fruit_fields,
          lemuel_fruit_fields
Lair:2:   layout_chaotic_city, elwin_shoals_entry_rocks, spider_nest_entry_webs,
          grunt_megastairs_3, uniq_fannar, uniq_amaemon, uniq_nergalle
Lair:3:   layout_regular_city, minmay_lindwurm_lava, lemuel_fruit_tree,
          serial_bayou_shore_b
Lair:4:   layout_small_grid, slime_entry_1, gammafunk_ghost_icy,
          beast_lair_carwin_5, grunt_megastairs_2, uniq_nessos
Lair:5:   minmay_lair_end_enchanted_forest, layout_cave_pods,
          gammafunk_ghost_split, serial_bayou_crossing, serial_bayou_shore_a
Shoals:1: layout_shoals
Shoals:2: layout_shoals, portal_ice_cave_entry_pillars_three,
          nicolae_shoals_cliffside_cave,
          nicolae_shoals_beach_house_on_fowls_legs
Shoals:3: layout_shoals, ebering_ghost_gozag, nicolae_shoals_nautilus_by_nature,
          nicolae_shoals_arrival_archipelago, uniq_ilsuiw
Shoals:4: shoals_end_hellmonk_storm_palace [storm_palace_center_square,
          storm_palace_corner_narrow, storm_palace_corner_reverse_hut,
          storm_palace_corner_grid, storm_palace_corner_reverse_hut]
Spider:1: gammafunk_sealed_arena, uniq_frances, uniq_kirke, uniq_roxanne,
          uniq_azrael
Spider:2: layout_spider_delve, uniq_agnes
Spider:3: layout_chambers
Spider:4: floodkiller_spider_rune_tomb, uniq_mara, uniq_arachne
Orc:1:    layout_diamond_mine, basic_altar, uniq_jorgrun, uniq_harold
Orc:2:    grunt_orc_cross, layout_diamond_mine
Elf:1:    elf_arrival_002, layout_gridlike, serial_shops, nicolae_shop_trees,
          hangedman_elven_crosses_minicolossus, columned_hall_lemuel
Elf:2:    nicolae_elf_blades_crystal_corner, layout_gridlike, enter_trove_6,
          nicolae_take_the_stairs, lemuel_upstairs_altar
Vaults:1: vaults_room_octagon, ontoclasm_vaults_ring_small,
          dpeg_vaults_pockets_of_resistance, v_misc_18,
          vaults_mumra_minichess_inversion, grunt_vaults_twisty,
          hangedman_vaults_stagger, nicolae_vaults_little_squares_1,
          hangedman_vaults_restitches, v_pattern_4, vaults_room_octagon,
          hangedman_vaults_stretched_pinwheel, ontoclasm_vaults_decontamination,
          layout_vaults_ring, serial_shops, nicolae_shop_behind_doors
Vaults:2: vaults_dpeg_encased_lava, nicolae_vaults_border_crossing, v_misc_28,
          nicolae_vaults_network_periphery, v_misc_2, v_pattern_2,
          grunt_vaults_swirl, nicolae_vaults_asterisk,
          minmay_crypt_entry_simple_sparse, v_misc_19, layout_vaults_omnigrid
Vaults:3: nicolae_vaults_asterisk, nicolae_vaults_good_morning_starshine,
          ontoclasm_vaults_ring_large, nicolae_vaults_big_angled_halls,
          hangedman_vaults_hat, ontoclasm_vaults_pinch, vaults_standard_mumra_x,
          vaults_room_hallway, v_alt_pattern_2, v_misc_18,
          hangedman_vaults_cutoff, v_misc_8, hangedman_vaults_trim,
          nicolae_vaults_rhombus_6, vaults_dpeg_ring, nicolae_vaults_rhombus_7,
          layout_vaults_omnibox
Vaults:4: v_rooms_4, nicolae_vaults_network_star, vaults_mumra_chevron_long,
          v_alt_pattern_1, ontoclasm_vaults_idyll,
          hangedman_vaults_stretched_pinwheel, v_misc_22,
          vaults_room_ringed_pool, st_spiral_rooms, hangedman_vaults_trim,
          layout_vaults_maze_snakey, uniq_margery, uniq_boris
Vaults:5: serial_shops, uniq_sojobo
Crypt:1:  layout_gridlike, gammafunk_ghost_necromancy
Crypt:2:  layout_chaotic_city, grunt_megastairs_4
Crypt:3:  due_elkab, layout_chaotic_city, tomb_entry_simple_bobbens
Depths:1: layout_basic, rand_demon_pan_entry_5, grunt_hell_entry_dis_mu,
          abyss_entry_small_statue_room, gammafunk_ghost_smash,
          chequers_serial_rivers_micro_d, st_stairs_13,
          ashenzari_conservatory_becter
Depths:2: minmay_slanted_spiral_squares, layout_basic, enter_ziggurat_f,
          pf_coc_iceberg, pan_entry, tso_metal_star,
          infiniplex_staircase_zigzag_3, uniq_josephina, uniq_grunn
Depths:3: kennysheep_blocky_room, layout_basic, pan_entry,
          grunt_hell_entry_demonic_statue, serial_shops, shop_fountains,
          chequers_serial_rivers_room_b, nicolae_abyss_entry_one_way_or_another,
          elyvilon_altar_3, infiniplex_staircase_x, firewood_loft,
          serial_bayou_shore_b, uniq_enchantress, uniq_frederick, uniq_mennas
Depths:4: evilmike_zot_entry_diamond, layout_cave_pools,
          kiku_gazebo_pond_becter, pf_hell_entry_great_geh, serial_shops, shop,
          uniq_jory
Zot:1:    layout_misc_corridors, gammafunk_ghost_crypt, grunt_megastairs_5,
          uniq_parghit
Zot:2:    layout_concentric_octagons, grunt_megastairs_1
Zot:3:    hellmonk_paralyzer, layout_basic
Zot:4:    layout_gridlike, uniq_vv
Zot:5:    layout_misc_corridors, ebering_ghost_reflecting_pool,
          nicolae_lava_and_water

Skill      XL: |  1  2  3  4  5  6  7  8  9 10 11 12 13 14 15 16 17 18 19 20 21 22 23 24 25 |
---------------+----------------------------------------------------------------------------+-----
Dodging        | 1 3 7 9 10 12 13 14 15 | 15.7
Stealth        | 1 |  1.0
Long Blades    | 1 2 3 4 5 7 8 10 12 14 | 14.0
Fighting       | 2 3 6 7 9 10 12 14 16 17 | 17.1
Invocations    | 3 6 10 13 | 13.0
Evocations     | 6 7 13 15 17 | 17.6
Spellcasting   | 4 5 10 11 | 11.2
Shields        | 7 9 12 15 16 17 | 17.5
Armour         | 6 8 14 | 14.8
Translocations | 3 5 8 10 | 10.6
Air Magic      | 3 5 8 |  8.0
Transmutations | 4 6 |  6.0
Ranged Weapons | 8 14 18 | 18.0

Action                     |  1- 3 |  4- 6 |  7- 9 | 10-12 | 13-15 | 16-18 | 19-21 | 22-24 | 25-27 || total
---------------------------+-------+-------+-------+-------+-------+-------+-------+-------+-------++-------
  Melee: Club              |    24 |       |       |       |       |       |       |       |       ||    24
         Long sword        |    80 |    88 |   128 |    12 |       |       |       |       |       ||   308
         Punch             |     2 |     1 |     2 |     3 |     5 |       |       |       |       ||    13
         Tailslap          |     4 |    13 |    22 |    81 |   235 |   213 |   220 |   371 |   125 ||  1284
         Touch             |       |       |    20 |    90 |    28 |       |       |       |       ||   138
         Scimitar          |       |       |       |   359 |   993 |   847 |   596 |       |       ||  2795
         Katana            |       |       |       |       |       |       |   353 |  1484 |   525 ||  2362
         Staff             |       |       |       |       |       |       |       |    10 |       ||    10
   Fire: Hand crossbow     |       |       |       |       |       |       |   445 |    79 |       ||   524
  Throw: Dart              |       |    15 |    37 |    39 |    64 |     2 |     3 |       |       ||   160
   Cast: Vhi's Electric Ch |       |       |       |       |       |   115 |    90 |   230 |    32 ||   467
         Lesser Beckoning  |       |       |       |       |       |     1 |     2 |       |       ||     3
         Wereblood         |       |       |       |       |       |     2 |       |     1 |     2 ||     5
         Blink             |       |       |       |       |       |     2 |       |       |       ||     2
         Mephitic Cloud    |       |       |       |       |       |       |       |     1 |       ||     1
 Invoke: Ancestor Life: Ba |       |     1 |       |       |       |       |       |       |       ||     1
         Idealise          |       |       |       |     1 |    12 |     8 |     9 |    12 |     2 ||    44
         Recall Ancestor   |       |       |       |     3 |     9 |     8 |     7 |    15 |     5 ||    47
         Transference      |       |       |       |       |     3 |     2 |     1 |     3 |       ||     9
  Evoke: Wand              |     3 |       |     4 |    20 |    27 |    24 |     6 |    11 |    26 ||   121
         Box of beasts     |       |       |       |       |     3 |     3 |     1 |     2 |     3 ||    12
         Lightning rod     |       |       |       |       |     6 |    16 |    11 |     9 |       ||    42
         Tin of tremorston |       |       |       |       |     3 |     4 |    11 |     7 |     2 ||    27
         Phial of floods   |       |       |       |       |     1 |     1 |     2 |     4 |       ||     8
         Phantom mirror    |       |       |       |       |     1 |       |       |     1 |     1 ||     3
         Condenser vane    |       |       |       |       |       |       |       |     3 |     3 ||     6
    Use: Scroll            |       |     4 |     6 |     9 |     9 |    20 |     7 |     8 |    22 ||    85
         Potion            |       |       |     1 |       |     2 |    13 |     8 |    12 |    21 ||    57
   Stab: Sleeping          |     2 |       |       |     1 |       |       |       |       |       ||     3
         Distracted        |       |     1 |     3 |    10 |    19 |    21 |    25 |    31 |    14 ||   124
         Betrayed ally     |       |       |       |       |       |       |       |       |     2 ||     2
 Armour: Leather armour    |    19 |    18 |    22 |    20 |       |       |       |       |       ||    79
         Scale mail        |       |       |       |    80 |   193 |   214 |   134 |       |       ||   621
         Troll leather arm |       |       |       |       |       |       |    77 |   169 |    13 ||   259
         Gold dragon scale |       |       |       |       |       |       |       |       |    30 ||    30
         Plate armour      |       |       |       |       |       |       |       |       |    12 ||    12
  Dodge: Dodged            |    66 |    54 |    88 |   344 |   535 |   616 |   730 |   650 |    82 ||  3165
  Block: Other             |    14 |     9 |    15 |    56 |     9 |       |       |       |       ||   103
         Buckler           |       |       |       |       |   362 |   418 |   468 |   385 |       ||  1633
         Tower shield      |       |       |       |       |       |       |       |   444 |   488 ||   932
         Reflection        |       |       |       |       |       |       |       |     1 |    11 ||    12

Table legend: (Time is in decaauts)
 A = Elapsed time spent in this place.
 B = Non-inter-level travel time spent in this place.
 C = Inter-level travel time spent in this place.
 D = Time resting spent in this place.
 E = Time spent auto-exploring this place.
 F = Levels seen in this place.
 G = Mean time per level.
                   A        B        C        D        E       F      G
               +--------+--------+--------+--------+--------+-----+--------+
         Total |  62320 |  55986 |   6334 |   9424 |  33475 |  55 | 1133.1 |
       Dungeon |  17129 |  14367 |   2762 |   1717 |  10076 |  15 | 1141.9 |
        Temple |     58 |     50 |      8 |      0 |     46 |   1 |   58.0 |
          Lair |   7528 |   6372 |   1156 |   1150 |   3898 |   5 | 1505.6 |
        Shoals |   5490 |   5016 |    474 |   1180 |   2792 |   4 | 1372.5 |
   Spider Nest |   5213 |   4680 |    533 |    786 |   2920 |   4 | 1303.2 |
  Orcish Mines |   2033 |   1842 |    191 |    391 |    981 |   2 | 1016.5 |
   Elven Halls |   2884 |   2747 |    137 |    351 |   1847 |   2 | 1442.0 |
        Vaults |   8994 |   8500 |    494 |   1644 |   4884 |   5 | 1798.8 |
         Crypt |   2472 |   2300 |    172 |    157 |   1394 |   3 |  824.0 |
        Depths |   4873 |   4539 |    334 |    664 |   2782 |   4 | 1218.2 |
           Zot |   2679 |   2609 |     70 |    744 |    988 |   5 |  535.8 |
         Abyss |   1196 |   1196 |      0 |    152 |    236 |   3 |  398.7 |
      Ice Cave |   1226 |   1226 |      0 |    324 |    536 |   1 | 1226.0 |
      Gauntlet |    538 |    538 |      0 |    164 |     94 |   1 |  538.0 |
               +--------+--------+--------+--------+--------+-----+--------+

Top non-repeatable levels by time:
Vaults:2: 2912 daAuts
    D:13: 2249 daAuts
     D:9: 2100 daAuts
Shoals:4: 1970 daAuts
  Lair:5: 1909 daAuts
Spider:4: 1892 daAuts
Vaults:5: 1849 daAuts
   Elf:2: 1806 daAuts
 Crypt:3: 1672 daAuts
  Lair:2: 1671 daAuts
   Zot:1: 1635 daAuts
Vaults:1: 1618 daAuts
  Lair:4: 1616 daAuts
Spider:3: 1581 daAuts
    D:11: 1560 daAuts
